 Dungeon Crawl Stone Soup version 0.24.0-13-gcf9b319 (webtiles) character file.

Game seed: 8836083378389301341, levelgen mode: deterministic

646 Fang the Skirmisher (level 7, -14/66 HPs)
             Began as a Gargoyle Berserker on Dec 4, 2019.
             Was a Priest of Trog.
             Demolished by an ogre
             ... wielding a +0 giant spiked club
              (27 damage)
             ... on level 6 of the Dungeon on Dec 5, 2019.
             The game lasted 00:08:02 (5695 turns).

Fang the Skirmisher (Gargoyle Berserker)            Turns: 5695, Time: 00:08:02

Health: -14/66     AC: 14    Str: 27      XL:     7   Next: 52%
Magic:  7/7        EV:  9    Int:  8      God:    Trog [***...]
Gold:   273        SH:  0    Dex:  4 (9)  Spells: 6/6 levels left

rFire    . . .     SeeInvis .   a - +0 hand axe
rCold    . . .     Gourm    .   (no shield)
rNeg     + . .     Faith    .   b - +0 chain mail
rPois    ∞         Spirit   .   (no helmet)
rElec    +         Reflect  .   (no cloak)
rCorr    .         Harm     .   (no gloves)
MR       .....                  (no boots)
Stlth    ..........             (no amulet)
HPRegen  0.21/turn              (no ring)
MPRegen  0.10/turn              (no ring)

@: berserking, very quick
A: negative energy resistance 1, electricity resistance, unbreathing,
petrification resistance, rot immunity, AC +4
a: Berserk, Trog's Hand, Renounce Religion


You were on level 6 of the Dungeon.
You worshipped Trog.
Trog was most pleased with you.
You were not hungry.

You visited 2 branches of the dungeon, and saw 7 of its levels.

You collected 273 gold pieces.

Inventory:

Hand Weapons
 a - a +0 hand axe (weapon)
Armour
 b - a +0 chain mail (worn)
Jewellery
 j - an uncursed ring of protection from magic {unknown}
Wands
 o - a wand of iceblast (6)
Scrolls
 f - 3 scrolls of identify {unknown}
 g - a scroll of enchant weapon {unknown}
 h - a scroll of immolation {unknown}
 k - 2 scrolls of teleportation {unknown}
 m - 2 scrolls of remove curse {unknown}
 v - a scroll of magic mapping {unknown}
Potions
 d - 3 potions of lignification {unknown}
 e - 3 potions of flight {unknown}
 i - 3 potions of curing {unknown}
 l - 2 potions of brilliance {unknown}
 n - a potion of mutation {unknown}
 p - a potion of resistance {unknown}
 q - 2 potions of ambrosia {unknown}
 r - a potion of heal wounds {unknown}
 s - 2 potions of haste {unknown}
 u - 2 potions of might {unknown}
Comestibles
 c - 7 rations


   Skills:
 + Level 5.3 Fighting
 + Level 4.5 Axes
 + Level 4.7 Armour
 + Level 3.6 Dodging


You had 6 spell levels left.
You didn't know any spells.
Your spell library was empty.

Dungeon Overview and Level Annotations

Branches:
Dungeon (6/15)             Temple (1/1) D:5

Altars:
Hepliaklqana
Makhleb
Nemelex Xobeh
Qazlal
Ru
Sif Muna
Vehumet


Innate Abilities, Weirdness & Mutations

You are resistant to torment.
Your stone body is resilient. (AC +4)
You are immune to poison.
You resist negative energy. (rN+)
You are resistant to electric shocks. (rElec)
You can survive without breathing.
You are immune to petrification.
You are immune to rotting.


Message History

A red film seems to cover your vision as you go berserk!
You feel yourself moving faster!
You feel mighty!
You feel a lot more hungry. The jackal closely misses you.
You slash the ogre!
The ogre is heavily wounded.
You barely miss the jackal. You slash the jackal!
You kill the jackal!
Trog accepts your kill.
The jackal bites you but does no damage.
The ogre hits you but does no damage.
You barely miss the ogre.
The ogre is heavily wounded.
You miss the jackal.
The jackal bites you but does no damage.
You slash the ogre!
The ogre is severely wounded.
You closely miss the jackal.
The jackal bites you but does no damage.
The ogre hits you with a +0 giant spiked club!!
You die...

##...........#
#........##. ..
.#........# ...
#.........## #...
..........### #....
..........$.###.....
#...................
##....##.....†......
#...# ##...@h......
..# #....O...... .#
#...........
##..........
#..........
#..........
...........
..#####.....


You could see an ogre and a jackal.

Vanquished Creatures
  An ogre (D:5)
  A centaur (D:5)
  Blork the orc (D:5)
  A quasit (D:6)
  2 jellies
  An orc priest (D:5)
  A hound (D:5)
  Crazy Yiuf (D:3)
  3 worker ants (D:5)
  2 adders (D:4)
  4 oozes
  An adder skeleton (D:4)
  3 worms (D:2)
  3 dart slugs
  5 leopard geckos
  12 orcs
  A ball python (D:3)
  3 giant cockroaches
  13 goblins
  8 hobgoblins
  7 jackals
  3 quokkas
  8 bats
  5 frilled lizards
  11 kobolds
  A quokka skeleton (D:5)
  7 rats
  A fungus (D:3)
110 creatures vanquished.

Vanquished Creatures (others)
  4 toadstools (D:1)
4 creatures vanquished.

Grand Total: 114 creatures vanquished

Notes
Turn   | Place    | Note
-------+----------+-------------------------------------------
     0 | D:1      | Fang the Gargoyle Berserker began the quest for the Orb.
     0 | D:1      | Reached XP level 1. HP: 14/14 MP: 1/1
    86 | D:1      | Reached XP level 2. HP: 13/19 MP: 2/2
   740 | D:1      | Reached XP level 3. HP: 21/23 MP: 3/3
  1316 | D:2      | Reached ** piety under Trog
  1416 | D:2      | Found a sparkling altar of Nemelex Xobeh.
  1532 | D:2      | Reached XP level 4. HP: 21/29 MP: 4/4
  1883 | D:2      | You fall into a shaft and drop 2 floors!
  1891 | D:4      | Reached skill level 4 in Fighting
  1986 | D:4      | Reached XP level 5. HP: 33/33 MP: 5/5
  2395 | D:4      | Found a stormy altar of Qazlal.
  2395 | D:4      | Found a sacrificial altar of Ru.
  2542 | D:4      | Found a hazy altar of Hepliaklqana.
  2543 | D:4      | Found a radiant altar of Vehumet.
  2750 | D:5      | Entered Level 5 of the Dungeon
  2967 | D:5      | Noticed an ogre
  2976 | D:5      | Killed an ogre
  2976 | D:5      | Reached XP level 6. HP: 39/39 MP: 6/6
  3170 | D:5      | Reached skill level 5 in Fighting
  3170 | D:5      | Reached XP level 7. HP: 14/44 MP: 7/7
  3420 | D:5      | Noticed Blork the orc
  3430 | D:5      | Killed Blork the orc
  3762 | D:5      | Found a staircase to the Ecumenical Temple.
  3782 | Temple   | Entered the Ecumenical Temple
  4576 | D:3      | Reached *** piety under Trog
  5260 | D:3      | Found a runed translucent door.
  5261 | D:3      | Noticed Crazy Yiuf
  5267 | D:3      | Killed Crazy Yiuf
  5695 | D:6      | Demolished by an ogre

Levels and vault maps discovered:
D:1:      ldierk_walled_garden_2, layout_basic
D:2:      layout_loops_corners, nemelex_dance_club_becter
D:3:      layout_basic, first_ration, st_stairs_3, uniq_crazy_yiuf_cottage
D:4:      layout_loops_ring, gammafunk_temple_overflow_wave,
          gammafunk_temple_overflow_pools
D:5:      layout_layer_cave, minmay_temple_entry_proselytizer,
          uniq_blork_the_orc
D:6:      layout_layer_cave, enter_ossuary_2
Temple:   compressed_dpeg_circular_temple

Skill      XL: |  1  2  3  4  5  6 |
---------------+-------------------+-----
Axes           | 3 4 |  4.5
Dodging        | 2 3 |  3.6
Armour         | 3 4 |  4.7
Fighting       | 4 5 |  5.3

Action                   |  1- 3 |  4- 6 |  7- 9 || total
-------------------------+-------+-------+-------++-------
Melee: Hand axe          |   131 |   189 |   131 ||   451
Invok: Berserk           |     1 |     3 |     4 ||     8
 Stab: Sleeping          |     1 |       |       ||     1
  Eat: Chunk             |     3 |     5 |     8 ||    16
       Ration            |       |     1 |     1 ||     2
Armor: Animal skin       |    49 |       |       ||    49
       Chain mail        |     4 |   138 |   135 ||   277
Dodge: Dodged            |   119 |    90 |    86 ||   295
